BSA
ORLANDO CALRISSIAN @ NEW YORK KNIGHTS
08/07/2026
 
TOP OF THE 1ST
Orlando Calrissian batting - Pitching for New York Knights : RHP Dan Wilson
Pitching: RHP Dan Wilson
Batting: LHB Danny Allen 0-0: Foul Ball, location: 2F
0-1: Ball
1-1: Ground out 4-3 (Groundball, 4)
Batting: SHB Tim Abbott 0-0: Ball
1-0: SINGLE (Line Drive, 56)
Batting: RHB Rich Anderson 0-0: Swinging Strike
0-1: Foul Ball, location: 2F
0-2: Ball
1-2: Fly out, F4 (Popup, 4M)
Batting: LHB Santiago Márquez 0-0: Called Strike
0-1: Ball
1-1: Ball
2-1: Foul Ball, location: 2F
2-2: DOUBLE (Line Drive, 9LS)
Tim Abbott to third
Runner from 3rd tries for Home, SAFE, no throw or cutoff
Batting: LHB Juan Colón 0-0: Foul Ball, location: 2F
0-1: Ball
1-1: Ball
2-1: Called Strike
2-2: Strikes out swinging
Top of the 1st over - 1 run(s), 2 hit(s), 0 error(s), 1 left on base; Orlando 1 - New York 0
BOTTOM OF THE 1ST
New York Knights batting - Pitching for Orlando Calrissian : RHP Gabriel Ruíz
Pitching: RHP Gabriel Ruíz
Batting: RHB José Aguilera 0-0: SINGLE (Groundball, 4D)
Batting: RHB Pepe Carrasco 0-0: Ball
1-0: Called Strike
1-1: Foul Ball, location: 2F
1-2: Foul Ball, location: 2F
1-2: Ball
2-2: Foul Ball, location: 2F
2-2: Ball
3-2: Foul Ball, location: 2F
3-2: Base on Balls
José Aguilera to second
Batting: LHB Troy Donaldson 0-0: Ball
1-0: Ball
2-0: Ball
3-0: SINGLE (Line Drive, 7S)
José Aguilera to third
Pepe Carrasco to second
Runner from 3rd tries for Home, throw and OUT!
Pepe Carrasco to third
Troy Donaldson to second
Batting: SHB Marvin Harris 0-0: Called Strike
0-1: Called Strike
Reached via error on a dropped throw, E3
Pepe Carrasco scores
Troy Donaldson to third
Batting: LHB Pablo Rivas 0-0: Ball
1-0: Ball
2-0: Grounds into double play, U4-3 (Groundball, 4)
Bottom of the 1st over - 1 run(s), 2 hit(s), 1 error(s), 1 left on base; Orlando 1 - New York 1
TOP OF THE 2ND
Orlando Calrissian batting - Pitching for New York Knights : RHP Dan Wilson
Batting: RHB Kenny Cole 0-0: Ball
1-0: Ball
2-0: Ball
3-0: Called Strike
3-1: Foul Ball, location: 2F
3-2: Foul Ball, location: 2F
3-2: Foul Ball, location: 2F
3-2: Ground out 1-5-3 (Groundball, 15S)
Batting: RHB Frederico Hernández 0-0: Ball
1-0: Called Strike
1-1: Called Strike
1-2: Ground out 5-3 (Groundball, 56S)
Batting: RHB Robby Lewis 0-0: Called Strike
0-1: Ball
1-1: Ball
2-1: Fly out, F8 (Line Drive, 8RD)
Top of the 2nd over - 0 run(s), 0 hit(s), 0 error(s), 0 left on base; Orlando 1 - New York 1
BOTTOM OF THE 2ND
New York Knights batting - Pitching for Orlando Calrissian : RHP Gabriel Ruíz
Batting: RHB Sixto Vélez 0-0: Called Strike
0-1: Foul Ball, location: 2F
0-2: Ball
1-2: Ground out 5-3 (Groundball, 5L)
Batting: LHB Arthur Hall 0-0: Ball
1-0: Ball
2-0: Called Strike
2-1: Called Strike
2-2: TRIPLE (Flyball, 9LD)
Batting: RHB Lonnie Anderson 0-0: Ball
1-0: Ball
2-0: Fly out, F9 (Flyball, 9M)
Runner from 3rd tags up, SCORES, no throw
Batting: RHB Yasuhiko Sumita 0-0: Called Strike
0-1: Ball
1-1: Foul Ball, location: 2F
1-2: Ball
2-2: Foul Ball, location: 2F
2-2: Fly out, F8 (Popup, 6MD)
Bottom of the 2nd over - 1 run(s), 1 hit(s), 0 error(s), 0 left on base; Orlando 1 - New York 2
TOP OF THE 3RD
Orlando Calrissian batting - Pitching for New York Knights : RHP Dan Wilson
Batting: RHB Enrique Bermúdez 0-0: Swinging Strike
0-1: Ground out 6-3 (Groundball, 6)
Batting: LHB Danny Allen 0-0: Ball
1-0: Foul Ball, location: 2F
1-1: Ball
2-1: Foul Ball, location: 2F
2-2: Fly out, F8 (Flyball, 8LS)
Batting: SHB Tim Abbott 0-0: Ball
1-0: Swinging Strike
1-1: Ball
2-1: Called Strike
2-2: Foul Ball, location: 2F
2-2: Foul Ball, location: 2F
2-2: Ball
3-2: SINGLE (Line Drive, 56D)
Batting: RHB Rich Anderson 0-0: Ball
1-0: Called Strike
Tim Abbott steals 2nd base
1-1: Foul Ball, location: 2F
1-2: Ball
2-2: Foul Ball, location: 2F
2-2: Foul Ball, location: 2F
2-2: Ball
3-2: Fly out, F3 (Popup, 3F)
Top of the 3rd over - 0 run(s), 1 hit(s), 0 error(s), 1 left on base; Orlando 1 - New York 2
BOTTOM OF THE 3RD
New York Knights batting - Pitching for Orlando Calrissian : RHP Gabriel Ruíz
Batting: RHB José Aguilera 0-0: Foul Ball, location: 2F
0-1: SINGLE (Groundball, 56D)
Batting: RHB Pepe Carrasco 0-0: Called Strike
0-1: Ball
1-1: Grounds into double play, 6-4-3 (Groundball, 6M)
Batting: LHB Troy Donaldson 0-0: Ball
1-0: Foul Ball, location: 2F
1-1: Foul Ball, location: 2F
1-2: Ball
2-2: Foul Ball, location: 2F
2-2: Ball
3-2: Base on Balls
Batting: SHB Marvin Harris 0-0: Swinging Strike
0-1: Ball
1-1: Ball
2-1: Foul Ball, location: 2F
2-2: Ball
3-2: Fly out, F6 (Popup, 6MD)
Bottom of the 3rd over - 0 run(s), 1 hit(s), 0 error(s), 1 left on base; Orlando 1 - New York 2
TOP OF THE 4TH
Orlando Calrissian batting - Pitching for New York Knights : RHP Dan Wilson
Batting: LHB Santiago Márquez 0-0: SINGLE (Groundball, 5D)
Batting: LHB Juan Colón 0-0: Called Strike
0-1: Foul Ball, location: 2F
0-2: Strikes out looking
Batting: RHB Kenny Cole 0-0: Ground out 5-3 (Groundball, 6S)
Santiago Márquez to second
Batting: RHB Frederico Hernández 0-0: Foul Ball, location: 2F
0-1: Ball
1-1: Ball
2-1: Swinging Strike
2-2: Ball
3-2: Fly out, F8 (Flyball, 8LXD)
Top of the 4th over - 0 run(s), 1 hit(s), 0 error(s), 1 left on base; Orlando 1 - New York 2
BOTTOM OF THE 4TH
New York Knights batting - Pitching for Orlando Calrissian : RHP Gabriel Ruíz
Batting: LHB Pablo Rivas 0-0: Ball
1-0: Fly out, F3 (Line Drive, 3)
Batting: RHB Sixto Vélez 0-0: Swinging Strike
0-1: Ball
1-1: Foul Ball, location: 2F
1-2: Foul Ball, location: 2F
1-2: Fly out, F7 (Line Drive, 78S)
Batting: LHB Arthur Hall 0-0: Called Strike
0-1: Ball
1-1: Ball
2-1: Ground out 1-3 (Groundball, 13S)
Bottom of the 4th over - 0 run(s), 0 hit(s), 0 error(s), 0 left on base; Orlando 1 - New York 2
TOP OF THE 5TH
Orlando Calrissian batting - Pitching for New York Knights : RHP Dan Wilson
Batting: RHB Robby Lewis 0-0: Foul Ball, location: 2F
0-1: Swinging Strike
0-2: Ball
1-2: Strikes out swinging
Batting: RHB Enrique Bermúdez 0-0: Called Strike
0-1: Ball
1-1: Ball
2-1: Ball
3-1: Ground out 1-3 (Groundball, 15)
Batting: LHB Danny Allen 0-0: Ball
1-0: Called Strike
1-1: Foul Ball, location: 2F
1-2: Foul Ball, location: 2F
1-2: SINGLE (Groundball, 34)
Batting: SHB Tim Abbott 0-0: Foul Ball, location: 2F
0-1: Ball
1-1: Ball
2-1: Foul Ball, location: 2F
2-2: SINGLE (Groundball, 6MD)
Danny Allen to second
Runner from 2nd tries for 3rd, SAFE, throw made to third
Pitching: LHP Leo Huggins
Batting: RHB Rich Anderson 0-0: Swinging Strike
0-1: Fly out, F7 (Flyball, 7D)
Top of the 5th over - 0 run(s), 2 hit(s), 0 error(s), 2 left on base; Orlando 1 - New York 2
BOTTOM OF THE 5TH
New York Knights batting - Pitching for Orlando Calrissian : RHP Gabriel Ruíz
Batting: RHB Lonnie Anderson 0-0: Called Strike
0-1: Ball
1-1: Ball
2-1: SINGLE (Line Drive, 8RS)
Batting: RHB Yasuhiko Sumita 0-0: Ball
1-0: Swinging Strike
1-1: Ball
2-1: Foul Ball, location: 2F
2-2: Foul Ball, location: 2F
2-2: Ball
3-2: Base on Balls
Lonnie Anderson to second
Batting: RHB José Aguilera 0-0: Ball
1-0: Ball
2-0: Swinging Strike
2-1: Foul Ball, location: 2F
2-2: SINGLE (Groundball, 56D)
Lonnie Anderson to third
Yasuhiko Sumita to second
Pitching: LHP Richard Dorris
Batting: RHB Pepe Carrasco 0-0: Called Strike
0-1: SINGLE (Groundball, 34D)
Lonnie Anderson scores
Yasuhiko Sumita to third
José Aguilera to second
Runner from 3rd tries for Home, SAFE, throw made home
Batting: LHB Troy Donaldson 0-0: Called Strike
0-1: SINGLE (Line Drive, 34D)
José Aguilera to third
Pepe Carrasco to second
Runner from 3rd tries for Home, SAFE, no throw or cutoff
Batting: SHB Marvin Harris 0-0: Ball
Wild Pitch!
Pepe Carrasco to third
Troy Donaldson to second
1-0: Intentional Walk
Batting: LHB Pablo Rivas 0-0: Called Strike
0-1: Foul Ball, location: 2F
0-2: Ball
1-2: Grounds into double play, 3-6-3 (Groundball, 3)
Pepe Carrasco scores
Troy Donaldson to third
Batting: RHB Sixto Vélez 0-0: Ball
1-0: Foul Ball, location: 2F
1-1: Fly out, F9 (Flyball, 89S)
Bottom of the 5th over - 4 run(s), 4 hit(s), 0 error(s), 1 left on base; Orlando 1 - New York 6
TOP OF THE 6TH
Orlando Calrissian batting - Pitching for New York Knights : LHP Leo Huggins
Batting: LHB Santiago Márquez 0-0: Foul Ball, location: 2F
0-1: Ball
1-1: SINGLE (Line Drive, 89S)
Batting: LHB Juan Colón 0-0: Swinging Strike
0-1: Foul Ball, location: 2F
0-2: Ball
1-2: Ball
2-2: Strikes out swinging
Batting: RHB Kenny Cole 0-0: Fly out, F8 (Popup, 8LS)
Batting: RHB Frederico Hernández 0-0: Ball
1-0: Called Strike
1-1: Ball
2-1: Ground out 6-3 (Groundball, 6)
Top of the 6th over - 0 run(s), 1 hit(s), 0 error(s), 1 left on base; Orlando 1 - New York 6
BOTTOM OF THE 6TH
New York Knights batting - Pitching for Orlando Calrissian : LHP Richard Dorris
Batting: LHB Arthur Hall 0-0: Foul Ball, location: 2F
0-1: Ball
1-1: Ball
2-1: Ball
3-1: Ground out 3-1 (Groundball, 34)
Batting: RHB Lonnie Anderson 0-0: Ball
1-0: Ball
2-0: Foul Ball, location: 2F
2-1: Ball
3-1: Foul Ball, location: 2F
3-2: Foul Ball, location: 2F
3-2: Strikes out swinging
Batting: RHB Yasuhiko Sumita 0-0: SINGLE (Line Drive, 34D)
Batting: RHB José Aguilera 0-0: Called Strike
0-1: Ball
1-1: Ball
2-1: SINGLE (Groundball, 3D)
Yasuhiko Sumita to second
Runner from 2nd tries for 3rd, SAFE, throw made to third
José Aguilera to second
Batting: RHB Pepe Carrasco 0-0: Ball
1-0: Foul Ball, location: 2F
1-1: Swinging Strike
1-2: Foul Ball, location: 2F
1-2: Fly out, F4 (Line Drive, 4)
Bottom of the 6th over - 0 run(s), 2 hit(s), 0 error(s), 2 left on base; Orlando 1 - New York 6
TOP OF THE 7TH
Orlando Calrissian batting - Pitching for New York Knights : LHP Leo Huggins
Batting: RHB Robby Lewis 0-0: Swinging Strike
0-1: Called Strike
0-2: Foul Ball, location: 2F
0-2: Strikes out looking
Batting: RHB Enrique Bermúdez 0-0: DOUBLE (Flyball, 89M)
Batting: LHB Danny Allen 0-0: Swinging Strike
0-1: Ball
1-1: Foul Ball, location: 2F
1-2: Ground out 4-3 (Groundball, 4M)
Enrique Bermúdez to third
Batting: SHB Tim Abbott 0-0: Called Strike
0-1: Ball
1-1: Ball
2-1: Foul Ball, location: 2F
2-2: SINGLE (Line Drive, 8RS)
Enrique Bermúdez scores
Batting: RHB Rich Anderson 0-0: Foul Ball, location: 2F
0-1: Foul Ball, location: 2F
0-2: Ball
1-2: SINGLE (Line Drive, 56D)
Tim Abbott to second
Tim Abbott to third
Batting: LHB Santiago Márquez 0-0: Ball
1-0: Swinging Strike
1-1: Foul Ball, location: 2F
1-2: Foul Ball, location: 2F
1-2: Fly out, F6 (Popup, 4MS)
Top of the 7th over - 1 run(s), 3 hit(s), 0 error(s), 2 left on base; Orlando 2 - New York 6
BOTTOM OF THE 7TH
New York Knights batting - Pitching for Orlando Calrissian : LHP Richard Dorris
Batting: LHB Troy Donaldson 0-0: SINGLE (Groundball, 34D)
Pitching: LHP Clarence Skerratt
Batting: SHB Marvin Harris 0-0: Called Strike
0-1: Foul Ball, location: 2F
0-2: Ball
1-2: Ball
2-2: Foul Ball, location: 2F
2-2: Grounds into double play, 4-6-3 (Groundball, 4)
Batting: LHB Pablo Rivas 0-0: Ball
1-0: Swinging Strike
1-1: Foul Ball, location: 2F
1-2: Ball
2-2: Strikes out looking
Bottom of the 7th over - 0 run(s), 1 hit(s), 0 error(s), 0 left on base; Orlando 2 - New York 6
TOP OF THE 8TH
Orlando Calrissian batting - Pitching for New York Knights : LHP Leo Huggins
Batting: LHB Juan Colón 0-0: Called Strike
0-1: Swinging Strike
0-2: Ball
1-2: SINGLE (Groundball, 4M)
Pitching: RHP António Sánchez
Batting: RHB Kenny Cole 0-0: Called Strike
0-1: Grounds into double play, 6-4-3 (Groundball, 6M)
Batting: RHB Frederico Hernández 0-0: Ball
1-0: Foul Ball, location: 2F
1-1: Called Strike
1-2: Strikes out swinging
Top of the 8th over - 0 run(s), 1 hit(s), 0 error(s), 0 left on base; Orlando 2 - New York 6
BOTTOM OF THE 8TH
New York Knights batting - Pitching for Orlando Calrissian : LHP Clarence Skerratt
Batting: RHB Sixto Vélez 0-0: Ball
1-0: Ground out 6-3 (Groundball, 6M)
Batting: LHB Arthur Hall 0-0: SINGLE (Groundball, 4MD)
Batting: RHB Lonnie Anderson 0-0: Ball
1-0: Called Strike
1-1: Ground out 5-3 (Groundball, 56S)
Arthur Hall to second
Batting: RHB Yasuhiko Sumita 0-0: Called Strike
0-1: Called Strike
0-2: Foul Ball, location: 2F
0-2: Ground out 4-3 (Groundball, 34)
Bottom of the 8th over - 0 run(s), 1 hit(s), 0 error(s), 1 left on base; Orlando 2 - New York 6
TOP OF THE 9TH
Orlando Calrissian batting - Pitching for New York Knights : RHP António Sánchez
Batting: RHB Robby Lewis 0-0: Ground out 4-3 (Groundball, 4)
Batting: RHB Enrique Bermúdez 0-0: Ball
1-0: Called Strike
1-1: Foul Ball, location: 2F
1-2: Foul Ball, location: 2F
1-2: Foul Ball, location: 2F
1-2: Foul Ball, location: 2F
1-2: Ball
2-2: Ball
3-2: Strikes out looking
Batting: LHB Danny Allen 0-0: Called Strike
0-1: Ball
1-1: Foul Ball, location: 2F
1-2: Ball
2-2: Fly out, F8 (Flyball, 8RD)
Top of the 9th over - 0 run(s), 0 hit(s), 0 error(s), 0 left on base; Orlando 2 - New York 6
Monday, December 5th, 2016 - OOTP Baseball 17.12 Build 75